 Dungeon Crawl Stone Soup version 0.21-a0-625-g1119ec1 (webtiles) character file.

34 Lanoc the Skirmisher (level 3, 0/20 HPs)
             Began as a Vine Stalker Abyssal Knight on Dec 24, 2017.
             Was a Follower of Lugonu.
             Slain by Sigmund
             ... wielding a +0 scythe
              (7 damage)
             ... on level 2 of the Dungeon.
             The game lasted 00:02:35 (1307 turns).

Lanoc the Skirmisher (Vine Stalker Abyssal Knight)  Turns: 1307, Time: 00:02:36

Health: 0/20       AC:  3    Str: 14    XL:     3   Next: 31%
Magic:  0/5        EV: 14    Int: 12    God:    Lugonu [*.....]
Gold:   58         SH:  0    Dex: 14    Spells: 2/2 levels left

rFire    . . .     SeeInvis .   a - +1 falchion
rCold    . . .     Gourm    .   (no shield)
rNeg     . . .     Faith    .   b - +0 leather armour
rPois    .         Spirit   +   (no helmet)
rElec    .         Reflect  +   (no cloak)
rCorr    .         Harm     .   (no gloves)
MR       .....                  (no boots)
Stlth    +.........             h - +4 amulet of reflection
HPRegen  0.06/turn              n - +3 ring of evasion
MPRegen  0.09/turn              (no ring)

@: confused
A: fangs 2, magic shield, antimagic bite, no potion heal 3, rot immunity
a: Depart the Abyss, Renounce Religion


You were on level 2 of the Dungeon.
You worshipped Lugonu.
Lugonu was aware of your devotion.
You were not hungry.

You visited 1 branch of the dungeon, and saw 2 of its levels.
You visited the Abyss 1 time.

You collected 58 gold pieces.

Inventory:

Hand Weapons
 a - a +1 falchion (weapon)
Missiles
 g - 20 arrows
 i - 73 sling bullets
Armour
 b - a +0 leather armour (worn)
Jewellery
 h - a +4 amulet of reflection (around neck)
 n - a +3 ring of evasion (left hand)
 o - an uncursed amulet of regeneration {unknown}
Scrolls
 d - a scroll of identify {unknown}
 e - 2 scrolls of random uselessness {unknown}
 f - a scroll of amnesia {unknown}
 k - a scroll of remove curse {unknown}
 m - 2 scrolls of teleportation {unknown}
Potions
 j - a potion of magic {unknown}
Comestibles
 c - 3 rations
 l - 3 chunks of flesh


   Skills:
 + Level 3.0 Fighting
 + Level 2.4 Long Blades
 + Level 2.0 Armour
 + Level 0.8 Dodging
 + Level 0.1 Stealth
 + Level 1.9 Invocations


You had 2 spell levels left.
You didn't know any spells.

Dungeon Overview and Level Annotations

Branches:
Dungeon (2/15)

Altars:
Elyvilon

Annotations:
D:2 Sigmund


Innate Abilities, Weirdness & Mutations

You have extremely sharp teeth.
When hurt, damage is shared between your health and your magic reserves.
Your bite disrupts and absorbs the magic of your enemies.
Potions cannot restore your health.
You are immune to rotting.


Message History

A goblin comes into view.
The goblin shouts!
Something hits you. The goblin barely misses you.
You hear some strange, mumbled words.
You are confused.
A rat comes into view.
You barely miss the goblin. Your bite misses the goblin.
The goblin barely misses you.
You hear some strange, mumbled words.
A puff of flame appears from out of thin air!
The puff of flame hits you!
The rat moves out of view.
Unknown command.
You hit the goblin. Your bite misses the goblin.
The goblin is moderately wounded.
The goblin misses you. Something hits you but does no damage.
You hit the goblin.
The goblin is severely wounded.
The goblin hits you. Something hits you!
You die...

# ##..#### #. # ##
#......# # ##. #
≈≈. #......# ..#
#.. ≈≈.###....##
≈..P #..
≈≈≈#......#≈≈P.#
#..
≈≈≈........≈≈≈P..
#.#
≈≈#......#≈≈≈≈..
#.#
≈.###....###.≈≈.P
#.. ≈≈ #..@g..#
≈≈≈.# ###
≈≈≈≈....{...≈≈≈..P
≈≈≈≈#......#≈≈≈P..
≈≈. ##....###.≈≈..
.≈ ...... ≈≈≈
........ ≈≈
≈#......#≈
##....###≈


You could see a goblin.

Vanquished Creatures
  An adder (D:2)
  2 dart slugs
  2 leopard geckos (D:1)
  2 giant cockroaches
  A goblin (D:2)
  3 hobgoblins
  A kobold (D:1)
  2 bats (D:2)
  2 frilled lizards (D:1)
  3 rats
19 creatures vanquished.

Notes
Turn   | Place    | Note
-------+----------+-------------------------------------------
     0 | Abyss:1  | Lanoc the Vine Stalker Abyssal Knight began the quest for the Orb.
     0 | Abyss:1  | Reached XP level 1. HP: 11/11 MP: 3/3
    36 | Abyss:1  | Noticed a quasit
    47 | D:1      | Escaped the Abyss
   387 | D:1      | Reached XP level 2. HP: 15/16 MP: 4/4
   954 | D:2      | Reached skill level 3 in Fighting
   954 | D:2      | Reached XP level 3. HP: 14/20 MP: 5/5
  1124 | D:2      | Found a white marble altar of Elyvilon.
  1148 | D:2      | Reached * piety under Lugonu
  1300 | D:2      | Noticed Sigmund
  1307 | D:2      | Slain by Sigmund

Vault maps used:
D:1:      evilmike_arrival_crescent
D:2:      wad_lake_hut, elyvilon_altar_5, uniq_sigmund

Skill      XL: |  1  2 |
---------------+-------+-----
Long Blades    | 2 |  2.4
Fighting       | 3 |  3.0
Armour         | 2 |  2.0
Dodging        | |  0.8
Stealth        | |  0.1
Invocations    | |  1.9

Action                   || total
-------------------------++-------
Melee: Falchion          ||    55
       Bite              ||    15
Invok: Depart the Abyss  ||     1
  Eat: Chunk             ||     1
Armor: Leather armour    ||    11
Dodge: Dodged            ||    47
Block: Other             ||     7
       Rpst.: Falchion   ||    10

Table legend:
 A = Spawn XP
 B = Non-spawn XP
 C = Spawn XP percentage of total XP
 D = Spawn monster count
 E = Non-spawn monster count
 F = Spawn count percentage of total count
 G = Total turns spent on level
                    A         B        C        D         E        F      G
               +---------+---------+-------+---------+---------+-------+---------
         Total |       0 |      49 |   0.0 |       0 |      19 |   0.0 |  1307
               +---------+---------+-------+---------+---------+-------+---------
           D:1 |       0 |      19 |   0.0 |       0 |       9 |   0.0 |   817
           D:2 |       0 |      30 |   0.0 |       0 |      10 |   0.0 |   443
               +---------+---------+-------+---------+---------+-------+---------
